Map: Data-C

Players

eidro - Winner!

  • Race: Zerg Zerg
  • Spawn Location: 9:00

MattBarry

  • Race: Zerg Zerg
  • League: Gold
  • Spawn Location: 3:00

VOD

Have the link to the VOD?

Description

Time

  • Played on: Jan. 21, 2023, 5:50 a.m.
  • Length: 11:31
Show
View Real Time Build Order
Export as new Build Order

eidro Zerg - Winner!

Build Orders: Pool First 

Get SALT Encoding   

  12  0:01  Drone  
  13  0:12  Overlord  
  13  0:17  Drone  
  14  0:30  Drone x2  
  14  0:34  Drone  
  17  0:46  Spawning Pool  
  17  0:49  Drone  
  17  0:53  Extractor  
  17  0:57  Drone  
  17  1:18  Hatchery  
  16  1:21  Drone  
  16  1:23  Drone  
  18  1:30  Drone  
  19  1:36  Queen  
  21  1:44  Overlord  
  21  2:00  Zergling x2  
  22  2:02  Zergling x2  
  22  2:06  Spine Crawler  
  22  2:12  Queen  
  24  2:21  Zergling x2  
  25  2:27  Zergling x2  
  26  2:35  Zergling x4  
  28  2:46  Drone  
  28  2:47  Drone x4  
  33  2:53  Baneling Nest  
  32  3:07  Zergling x4  
  32  3:09  Queen  
  34  3:41  Zergling x4  
  35  3:43  Overlord x2  
  35  3:56  Baneling x2  
  35  4:00  Baneling x2  
  35  4:02  Baneling x3  
  27  4:24  Zergling x2  
  27  4:25  Zergling x10  
  33  4:39  Extractor  
  32  4:46  Drone x4  
  32  4:48  Evolution Chamber  
  35  5:06  Drone x2  
  35  5:07  Drone x5  
  42  5:15  Overlord  
  42  5:19  Zerg Ground Armor Level 1  
  42  5:20  Drone  
  43  5:25  Metabolic Boost  
  43  5:36  Evolution Chamber  
  43  5:39  Roach Warren  
  41  5:46  Drone x4  
  45  5:52  Baneling x3  
  45  5:53  Drone  
  45  5:54  Drone x7  
  53  6:05  Lair  
  53  6:13  Zerg Melee Weapons Level 1  
  53  6:17  Overlord  
  53  6:21  Extractor  
  53  6:22  Zergling x2  
  53  6:23  Roach x2, Zergling x6  
  60  6:27  Overlord  
  60  6:39  Overlord  
  60  6:41  Roach x4  
  68  6:48  Roach  
  70  7:00  Zergling x6  
  70  7:01  Zergling x6  
  76  7:07  Zergling x2  
  76  7:08  Zergling x4  
  79  7:14  Roach x2  
  81  7:40  Roach  
  81  7:42  Overlord x2  
  75  8:14  Zergling x10, Roach x4  
  86  8:28  Zergling x2, Roach x2  
  85  8:51  Spore Crawler  
  85  8:52  Spore Crawler, Queen x2  
  87  8:58  Spore Crawler  
  87  9:00  Spore Crawler, Drone x5  
  88  9:14  Hatchery  
  88  9:15  Hatchery  
  79  9:26  Zergling x10  
  81  9:37  Zergling x2, Roach x3  
  79  9:47  Zergling x2  
  80  9:55  Queen  
  80  9:56  Queen  
  80  10:01  Spore Crawler, Hydralisk Den  
  76  10:31  Hydralisk  
  76  10:32  Hydralisk x8  
  94  10:41  Pneumatized Carapace  
Show
View Real Time Build Order
Export as new Build Order

MattBarry Zerg 

Build Orders: Pool First 

Get SALT Encoding   

  12  0:00  Drone  
  13  0:12  Overlord  
  13  0:18  Drone  
  14  0:23  Extractor  
  14  0:24  Drone  
  15  0:41  Spawning Pool, Drone  
  15  0:46  Drone  
  17  0:50  Drone  
  17  0:52  Extractor  
  16  1:15  Hatchery  
  15  1:28  Zergling x6  
  18  1:40  Queen  
  18  1:45  Drone  
  21  1:54  Zergling x2  
  22  1:58  Metabolic Boost  
  22  2:09  Overlord  
  22  2:27  Zergling x6  
  25  2:41  Zergling x2  
  25  2:42  Zergling x2  
  27  2:50  Zergling x4  
  29  2:53  Zergling x6  
  29  2:57  Queen  
  34  3:05  Baneling Nest  
  33  3:09  Evolution Chamber  
  33  3:11  Drone x2  
  32  3:50  Baneling x5  
  32  3:52  Overlord  
  32  3:59  Zergling x4, Drone x2  
  36  4:16  Zergling x12  
  30  4:26  Roach Warren  
  30  4:28  Drone  
  30  4:32  Drone  
  30  4:36  Drone  
  32  4:39  Drone  
  32  4:43  Drone  
  32  4:45  Drone  
  35  4:49  Drone  
  35  4:51  Drone  
  37  4:56  Drone x2  
  39  5:11  Roach x2  
  39  5:12  Overlord  
  43  5:16  Drone  
  44  5:22  Drone, Extractor  
  45  5:30  Zerg Ground Armor Level 1  
  45  5:33  Roach, Drone x2  
  45  5:34  Zergling x2  
  48  5:50  Drone x4, Extractor  
  48  5:52  Overlord  
  48  5:55  Extractor  
  50  5:57  Extractor  
  49  6:09  Lair  
  49  6:19  Queen  
  49  6:24  Drone  
  52  6:28  Roach x3, Drone  
  59  6:38  Overlord  
  59  6:42  Overlord  
  59  6:57  Drone x4  
  59  7:00  Drone x6  
  59  7:01  Drone  
  70  7:14  Drone  
  71  7:23  Spire  
  69  7:38  Zerg Melee Weapons Level 1  
  69  7:51  Overlord x2  
  69  7:52  Overlord x4  
  69  8:02  Roach  
  63  8:07  Zergling x10  
  6  8:36  Mutalisk x2  
  6  8:37  Mutalisk x4  
  17  8:42  Zergling x2, Drone  
  17  8:43  Drone  
  20  8:54  Drone x2  
  20  8:56  Drone  
  20  8:58  Drone  
  20  9:08  Drone x2  
  16  9:23  Drone  
  14  10:13  Drone x2  
Tags
 
League
Gold
Matchup
ZvZ
Race
Zerg
Replay Pack
Multiplayer
Spawn Locations
Cross Positions
Add a new tag
Caveats
  • Supply blocks, unpowered buildings, or Contaminate may cause inaccurate times.
  • Supply counts are checked every 10 seconds.